AoeStats
← Cyrene

Black Forest

510542174Analyzed
2v2 RM · 2d ago on Oct 1, 2026· 55m 13s· 4 players
Game mode
Random Map
Map size
Medium (4 player)
Population
200
Speed
Normal
Resources
Standard
Victory
Conquest
Starting age
Dark Age
Ending age
Imperial Age
RankedLock teamsTeams togetherTeam positionsShared explorationLock speedFull tech treeHidden civsTurbo modeCheats
Victory
Defeat
🇩🇪 Danes · Germany
1127
+35
🇹🇷 Vietnamese · Türkiye
1042
+50
🇩🇪 Saxons · Germany
1093
-16
🇰🇷 Armenians · South Korea
1066
-15
ДУДОЛ ДЖАМП
2:07 Loom
12:16 Feudal Age
16:48 Castle Age
23:24 Double-Bit Axe
25:41 Horse Collar
28:48 Wheelbarrow
28:32 Gold Mining
30:58 Gold Shaft Mining
30:43 Bow Saw
31:32 Stone Mining
31:35 Fletching
31:46 Padded Archer Armor
35:14 Imperial Age
33:08 Hand Cart
32:53 Crossbowman
34:02 Ballistics
35:06 Bodkin Arrow
35:26 Leather Archer Armor
35:25 Arbalester
36:15 Bracer
37:17 Chemistry
38:49 Ring Archer Armor
40:07 Bloodlines
39:58 Husbandry
39:18 Light Cavalry
39:57 Murder Holes
40:16 Forging
40:11 Scale Barding Armor
40:48 Conscription
43:27 Iron Casting
43:12 Chain Barding Armor
44:15 Elite Skirmisher
46:57 Blast Furnace
45:41 Treadmill Crane
46:11 Masonry
46:21 Fereters
46:40 Scale Mail Armor
46:55 Caravan
47:43 Gambesons
47:27 Man-at-Arms
48:33 Squires
48:19 Arson
48:11 Long Swordsman
49:32 Two-Handed Swordsman
50:32 Chain Mail Armor
50:08 Champion
52:11 Plate Mail Armor
52:09 Fortified Wall
Dr Don Jon
1:12 Loom
13:05 Feudal Age
15:01 Double-Bit Axe
18:01 Castle Age
16:20 Stone Mining
18:50 Fletching
23:45 Arson
25:22 Horse Collar
26:19 Wheelbarrow
32:15 Imperial Age
31:28 Hand Cart
30:59 Town Watch
31:23 Heavy Plow
33:53 Siege Engineers
35:13 Murder Holes
37:49 Scale Mail Armor
38:00 Forging
42:24 Fortified Wall
48:10 Masonry
49:26 Chain Mail Armor
51:19 Padded Archer Armor
51:15 Bodkin Arrow
51:59 Bow Saw
54:33 Bracer
Heartbreaker
1:57 Loom
19:04 Feudal Age
25:12 Double-Bit Axe
25:11 Horse Collar
28:23 Castle Age
27:17 Fletching
29:27 Bodkin Arrow
30:44 Ballistics
30:48 Bow Saw
31:17 Padded Archer Armor
42:16 Imperial Age
42:48 Elite Rattan Archer
Cyrene
6:31 Loom
9:27 Feudal Age
10:14 Man-at-Arms
11:16 Arson
20:45 Castle Age
20:01 Horse Collar
20:09 Double-Bit Axe
21:44 Bow Saw
21:42 Town Watch
22:33 Wheelbarrow
22:41 Scale Mail Armor
24:27 Long Swordsman
27:10 Squires
29:16 Chain Mail Armor
30:10 Forging
30:26 Gambesons
32:31 Iron Casting
33:30 Hand Cart
33:03 Hamask
38:42 Imperial Age
39:23 Heavy Plow
39:18 Fletching
38:58 Two-Handed Swordsman
38:58 Elite Varangian Guard
40:10 Plate Mail Armor
40:40 Blast Furnace
39:05 Onager
39:14 Northmen's Fury
40:12 Siege Engineers
40:05 Champion
40:41 Siege Onager
42:12 Capped Ram
43:47 Gold Mining
43:47 Stone Mining
44:10 Siege Ram
45:22 Coinage
44:56 Bodkin Arrow
46:54 Chemistry
46:14 Ballistics
46:09 Caravan
46:40 Banking
46:56 Bracer
47:03 Pikeman
50:41 Conscription
50:50 Heavy Scorpion
52:52 Masonry
52:44 Padded Archer Armor
52:31 Arrowslits
52:42 Murder Holes
53:29 Town Patrol
Connection lost

Rejoining the realm…

Still unreachable

The connection could not be restored.

Session expired

The server has moved on; the page needs a fresh start.